 Dungeon Crawl Stone Soup version 0.30-a0-755-g0b50240ab4 (webtiles) character file.

Game seed: 869792210564326106

21625 Ijustatesigmund the Eclecticist (level 12, -4/69 HPs)
             Began as a Deep Elf Hedge Wizard on Feb 9, 2023.
             Was an Elder of Vehumet.
             Slain by a sixfirhy (7 damage)
             ... summoned by an obsidian statue
             ... on level 13 of the Dungeon.
             The game lasted 01:05:58 (20739 turns).

Ijustatesigmund the Eclecticist (DEHW)             Turns: 20739, Time: 01:05:59

Health: -4/69      AC: 17    Str:  7    XL:     12   Next: 55%
Magic:  14/33      EV: 14    Int: 25    God:    Vehumet [****..]
Gold:   538        SH:  4    Dex: 14    Spells: 20/41 levels left

rFire   . . .      SeeInvis +    u - +1 sling (heavy)
rCold   . . .      Faith    .    V - +0 buckler
rNeg    . . .      Spirit   .    b - +0 steam dragon scales
rPois   .          Reflect  .    e - +2 helmet
rElec   .          Harm     .    N - +1 cloak
rCorr   .          Rampage  .    L - +1 pair of gloves
Will    +....                    (no boots)
Stlth   ++                       p - amulet of magic regeneration
HPRegen 0.31/turn                r - ring of see invisible
MPRegen 0.63/turn                g - +4 ring of protection

@: attractive, on blink cooldown, mesmerised
A: no striking features
a: Renounce Religion


You were on level 13 of the Dungeon.
You worshipped Vehumet.
Vehumet was greatly pleased with you.
You visited 2 branches of the dungeon, and saw 14 of its levels.

You collected 778 gold pieces.
You spent 240 gold pieces at shops.

Inventory:

Hand Weapons
 a - a +0 rapier
 m - a +0 short sword of holy wrath
 u - a +1 heavy sling (weapon)
 K - the +5 demon whip "Spellbinder" {antimagic, disrupt, Will+}
   (You found it on level 7 of the Dungeon)

   Will:      It increases your willpower.
 M - a +4 quarterstaff of chaos
 P - a +4 dagger of distortion
Missiles
 h - 6 curare-tipped darts
Armour
 b - +0 steam dragon scales (worn)
 c - the +2 robe of Eneuhit {rElec Will- rCorr Dex+6}
   (You found it on level 4 of the Dungeon)

   Dex:       It affects your dexterity (+6).
   rElec:     It insulates you from electricity.
   rCorr:     It protects you from acid and corrosion.
   Will:      It decreases your willpower.
 e - a +2 helmet (worn)
 L - a +1 pair of gloves (worn)
 N - a +1 cloak (worn)
 T - +0 acid dragon scales
 V - a +0 buckler (worn)
Magical Staves
 W - a staff of conjuration
Jewellery
 g - a +4 ring of protection (right hand)
 p - an amulet of magic regeneration (around neck)
 r - a ring of see invisible (left hand)
 z - a ring of positive energy
 E - a ring of magical power
 J - a +6 ring of intelligence
 O - a ring of magical power
 Q - a ring of willpower
 R - a ring of ice
Wands
 i - a wand of mindburst (6)
 k - a wand of flame (36)
 s - a wand of roots (13)
 w - a wand of quicksilver (6)
 U - a wand of charming (2)
Scrolls
 n - 3 scrolls of blinking
 y - a scroll of amnesia
 F - a scroll of poison
 I - 4 scrolls of immolation
Potions
 f - 4 potions of lignification
 j - 4 potions of ambrosia
 l - 2 potions of might
 o - a potion of heal wounds
 v - 3 potions of brilliance
 x - 4 potions of mutation
 A - 2 potions of cancellation {unknown}
 B - a potion of haste {unknown}
 C - 4 potions of curing
 D - 2 potions of berserk rage
 S - a potion of flight {unknown}
Miscellaneous
 H - a piece from Xom's chessboard (15/15)


   Skills:
 - Level 5.9 Fighting
 - Level 4.0 Ranged Weapons
 + Level 3.8 Armour
 - Level 6.6 Dodging
 - Level 2.4 Stealth
 - Level 2.2 Shields
 + Level 15.2 Spellcasting
 - Level 10.3 Conjurations
 - Level 1.1 Summonings
 - Level 1.1 Translocations
 - Level 3.1 Fire Magic
 + Level 6.0 Ice Magic
 - Level 4.0 Air Magic
 - Level 4.4 Poison Magic
 - Level 6.4 Evocations


You had 20 spell levels left.
You knew the following spells:

 Your Spells              Type           Power      Damage    Failure   Level
a - Magic Dart            Conj           100%       1d8       1%          1
b - Blink                 Tloc           48%        N/A       3%          2
c - Mephitic Cloud        Conj/Pois/Air  50%        N/A       1%          3
d - Stone Arrow           Conj/Erth      90%        3d12      1%          3
e - Searing Ray           Conj           100%       2d8       1%          2
f - Poisonous Vapours     Pois/Air       80%        N/A       1%          2
g - Inner Flame           Hex/Fire       26%        N/A       1%          3
h - Freezing Cloud        Conj/Ice/Air   26%        6-21      1%          5

Your spell library contained the following spells:

 Spells                   Type           Power      Damage    Failure   Level
 Sandblast                Erth           38%        2d10      1%          1
 Cigotuvi's Dreadful Rot  Necr/Pois/Air  66%        N/A       1%          2
 Ensorcelled Hibernation  Hex/Ice        68%        N/A       1%          2
 Necrotise                Necr           76%        1d7       3%          1
 Slow                     Hex            76%        N/A       3%          1
 Call Imp                 Summ           24%        N/A       3%          2
 Lesser Beckoning         Tloc           48%        N/A       3%          2
 Spider Form              Tmut/Pois      30%        N/A       4%          3
 Passwall                 Tmut/Erth      15%        N/A       6%          2
 Sublimation of Blood     Necr           19%        N/A       6%          2
 Wereblood                Tmut           19%        N/A       6%          2
 Gell's Gravitas          Tloc           24%        N/A       7%          3
 Teleport Other           Tloc           24%        N/A       7%          3
 Tukima's Dance           Hex            19%        N/A       12%         3
 Vampiric Draining        Necr           19%        2d7       12%         3
 Manifold Assault         Tloc           24%        N/A       24%         4
 Passage of Golubria      Tloc           24%        N/A       24%         4
 Yara's Violent Unravell  Hex/Tmut       9%         3d6       26%         5
 Animate Armour           Summ/Erth      42%        N/A       30%         4
 Anguish                  Hex/Necr       9%         N/A       36%         4
 Agony                    Necr           19%        N/A       71%         5
 Lehudib's Crystal Spear  Conj/Erth      22%        10d6      99%         8
 Storm Form               Tmut/Air       14%        N/A       100%        7
 Summon Hydra             Summ           12%        N/A       100%        7


Dungeon Overview and Level Annotations

Branches:
Dungeon (13/15)            Temple (1/1) D:4            Lair (0/5) D:10
    Orc (0/2) D:9          Vaults (0/5) D:13

Altars:
Ashenzari
Cheibriados
Dithmenos
Elyvilon
Fedhas
Gozag
Hepliaklqana
Kikubaaqudgha
Makhleb
Nemelex Xobeh
Okawaru
Qazlal
Ru
Sif Muna
Trog
Uskayaw
Vehumet
Wu Jian
Xom
Yredelemnul
Zin
The Shining One

Shops:
D:10 *

Portals:
Trove: D:11 (give 2 scrolls of acquirement)

Annotations:
D:2 Terence
D:11 2 transporters, DeathSun's ghost, journeyman GnCj
D:13 exclusion: 2 obsidian statues
Temple 2 transporters


Message History

Casting: Magic Dart (safe; 1% risk of failure)
Confirm with . or Enter, or press ? or * to list all spells.
You blink.
The orange demon stings you but does no damage.
Blink to where?
Press: ? - help, Dir - move target, p - chaos spawn You cannot blink away from the obsidian statue!
Blink to where?
Press: ? - help, Dir - move target You cannot blink away from the obsidian statue!
Blink to where?
Press: ? - help, Dir - move target, f - you
Okay, then.
Casting: Blink (safe; 3% risk of failure)
Confirm with . or Enter, or press ? or * to list all spells.
Aiming: Freezing Cloud (dangerous; 1% risk of failure)
Press: ? - help, Dir - move target, f - obsidian statue
Aim: an obsidian statue (mesmerising)
The ufetubus hits you but does no damage. x2
The crimson imp spits at you. The shadow imp gestures at you.
You resist with significant effort.
The orange demon is engulfed in freezing vapours.
The orange demon closely misses you.
It was a potion of berserk rage.
You are too mesmerised to rage.
The ufetubus closely misses you.
The ufetubus hits you but does no damage.
The obsidian statue is engulfed in freezing vapours.
The obsidian statue's eyes glow briefly.
The white imp grinds its teeth.
The orange demon is engulfed in freezing vapours.
You block the orange demon's attack.
It was a potion of attraction.
You feel attractive to monsters. The sixfirhy hits you.
The sixfirhy shocks you! The sixfirhy hits you!
* * * LOW HITPOINT WARNING * * *
The sixfirhy shocks you!
* * * LOW HITPOINT WARNING * * *
The sixfirhy hits you!
You die...

+.......#...#...#...#
#.......#...#.......#
###+######'#######.+########
..#.........................
..#.........................
..#.......########5..#######
..##'##...#.....#...3.#.
..#...#...#.§§§3.5545.e.
..#...#...#.§8§.@5.85.☼..8
..'...#...#.§§4........§....
..#...#...#..3..#?!})!#.....
..#...#...##################
#######


You could see an obsidian statue (mesmerising), an orange demon (summoned), a
deep elf pyromancer, 2 sixfirhies, a smoke demon (summoned), a chaos spawn
(summoned), a crimson imp (summoned), 2 white imps, 2 shadow imps and an
ufetubus (summoned).

Vanquished Creatures
  Rupert (D:12)
  Jorgrun (D:13)
  A centaur warrior (D:13)
  A two-headed ogre (D:10)
  3 boulder beetles
  Urug (D:13)
  A wizard (D:13)
  A deep elf pyromancer (D:12)
  A cyclops (D:12)
  A manticore (D:10)
  2 unseen horrors (D:11)
  2 komodo dragons
  Psyche (D:10)
  5 trolls
  Grinder (D:4)
  3 slime creatures (D:12)
  2 shadows
  A vampire (D:9)
  A wraith (D:12)
  14 yaks
  A fire elemental (D:12)
  3 steam dragons
  6 vampire mosquitoes
  2 wargs
  An acid dragon (D:11)
  2 water moccasins
  2 hell hounds (D:12)
  14 orc warriors
  An ice beast (D:6)
  A black bear (D:6)
  8 ogres
  5 centaurs
  A phantom (D:6)
  4 kobold brigands
  Blork the orc (D:4)
  2 gnoll sergeants
  3 scorpions
  6 bullfrogs
  6 wights
  10 killer bees
  6 howler monkeys
  2 lava snakes (D:9)
  2 jellies (D:6)
  Crazy Yiuf (D:4)
  7 hounds
  8 orc priests
  A gnoll bouda (D:7)
  11 orc wizards
  An iguana (D:4)
  Ijyb (D:4)
  A centaur simulacrum (D:9)
  Robin (D:2)
  36 gnolls
  5 adders
  A shadow imp (D:4)
  2 white imps
  An ufetubus (D:5)
  3 worms
  61 orcs
  2 endoplasms
  2 giant cockroaches
  9 hobgoblins
  18 jackals
  7 kobolds
  5 quokkas
  3 ball pythons
  5 bats
  12 frilled lizards (D:1)
  27 goblins
  2 rats (D:1)
366 creatures vanquished.

Vanquished Creatures (collateral kills)
  An orc wizard (D:9)
1 creature vanquished.

Vanquished Creatures (others)
  An orc (D:10)
  A fungus (D:3)
  2 plants (D:3)
4 creatures vanquished.

Grand Total: 371 creatures vanquished

Notes
Turn   | Place    | Note
-------+----------+-------------------------------------------
     0 | D:1      | Ijustatesigmund the Deep Elf Hedge Wizard began the quest
                  | for the Orb.
     0 | D:1      | Reached XP level 1. HP: 10/10 MP: 7/7
   404 | D:1      | Reached XP level 2. HP: 15/15 MP: 5/9
   419 | D:1      | Learned a level 2 spell: Blink
  1071 | D:1      | Reached skill level 5 in Spellcasting
  1090 | D:1      | Reached XP level 3. HP: 19/19 MP: 2/11
  1615 | D:2      | Noticed Robin
  1980 | D:2      | Killed Robin
  2073 | D:2      | Reached XP level 4. HP: 24/24 MP: 9/13
  2601 | D:2      | Learned a level 3 spell: Mephitic Cloud
  2612 | D:2      | Noticed Terence
  3515 | D:3      | Reached skill level 1 in Poison Magic
  3656 | D:3      | Reached skill level 1 in Air Magic
  3656 | D:3      | Reached XP level 5. HP: 18/28 MP: 9/15
  4379 | D:3      | Reached skill level 6 in Spellcasting
  4672 | D:3      | Reached XP level 6. HP: 30/32 MP: 6/17
  5442 | D:3      | Reached XP level 7. HP: 36/36 MP: 8/18
  6215 | D:4      | Reached skill level 1 in Fighting
  6215 | D:4      | Reached skill level 7 in Spellcasting
  6272 | D:4      | Found a staircase to the Ecumenical Temple.
  6281 | Temple   | Entered the Ecumenical Temple
  6281 | Temple   | Found a transporter.
  6281 | Temple   | Found a transporter.
  6283 | Temple   | Found a transporter.
  6283 | Temple   | Found a transporter.
  6311 | Temple   | Became a worshipper of Vehumet
  6454 | D:4      | Found an opulent altar of Gozag.
  6454 | D:4      | Found a shadowy altar of Dithmenos.
  6456 | D:4      | Found a glowing golden altar of the Shining One.
  6460 | D:4      | Found a bloodstained altar of Trog.
  6460 | D:4      | Found an ornate altar of the Wu Jian Council.
  6461 | D:4      | Found a basalt altar of Yredelemnul.
  6463 | D:4      | Found a white marble altar of Elyvilon.
  6465 | D:4      | Found a glowing silver altar of Zin.
  6530 | D:4      | Identified the +2 robe of Eneuhit {rElec Will- rCorr Dex+6}
  6546 | D:4      | Noticed Grinder
  6570 | D:4      | Killed Grinder
  6961 | D:4      | Reached skill level 5 in Conjurations
  6961 | D:4      | Reached XP level 8. HP: 44/44 MP: 14/21
  7041 | D:4      | Found a runed translucent door.
  7042 | D:4      | Noticed Crazy Yiuf
  7052 | D:4      | Killed Crazy Yiuf
  7204 | D:4      | Noticed Blork the orc
  7214 | D:4      | Killed Blork the orc
  7542 | D:4      | Noticed Ijyb
  7553 | D:4      | Killed Ijyb
  7778 | D:5      | Entered Level 5 of the Dungeon
  7902 | D:5      | Reached skill level 1 in Ranged Weapons
  7902 | D:5      | Reached skill level 8 in Spellcasting
  7988 | D:5      | Found a runed translucent door.
  8031 | D:5      | Learned a level 3 spell: Stone Arrow
  8118 | D:5      | Found a stormy altar of Qazlal.
  8131 | D:5      | Identified the +1 leather armour "Laogog" {Dex+2}
  8296 | D:5      | Reached * piety under Vehumet
  8296 | D:5      | Offered knowledge of Kiss of Death by Vehumet.
  8868 | D:5      | Reached skill level 9 in Spellcasting
  9059 | D:6      | Reached XP level 9. HP: 17/48 MP: 12/24
  9312 | D:6      | Reached ** piety under Vehumet
  9312 | D:6      | Offered knowledge of Searing Ray by Vehumet.
  9316 | D:6      | Learned a level 2 spell: Searing Ray
  9892 | D:6      | Reached skill level 5 in Dodging
 10303 | D:7      | Reached skill level 10 in Spellcasting
 10345 | D:7      | Found a shimmering altar of Xom.
 11324 | D:7      | Found the +5 demon whip "Spellbinder" {antimagic, disrupt,
                  | Will+}
 11639 | D:8      | Reached skill level 1 in Evocations
 12264 | D:8      | Found an ancient bone altar of Kikubaaqudgha.
 12404 | D:8      | Reached XP level 10. HP: 56/56 MP: 19/26
 12639 | D:8      | Reached skill level 11 in Spellcasting
 12650 | D:8      | Offered knowledge of Poisonous Vapours by Vehumet.
 12656 | D:8      | Learned a level 2 spell: Poisonous Vapours
 13605 | D:9      | Found a staircase to the Orcish Mines.
 13634 | D:9      | Reached *** piety under Vehumet
 14431 | D:9      | Noticed a boulder beetle
 14443 | D:9      | Killed a boulder beetle
 14443 | D:9      | Offered knowledge of Inner Flame by Vehumet.
 14444 | D:9      | Reached skill level 5 in Fighting
 14444 | D:9      | Reached skill level 12 in Spellcasting
 14556 | D:9      | Reached skill level 5 in Evocations
 15060 | D:10     | Entered Level 10 of the Dungeon
 15073 | D:10     | Noticed Psyche
 15075 | D:10     | Found a staircase to the Lair.
 15532 | D:10     | Killed Psyche
 15533 | D:10     | Reached XP level 11. HP: 49/64 MP: 17/29
 15916 | D:10     | Reached skill level 10 in Conjurations
 15946 | D:10     | Noticed a two-headed ogre
 15954 | D:10     | Killed a two-headed ogre
 16325 | D:10     | Reached **** piety under Vehumet
 16770 | D:10     | Reached skill level 13 in Spellcasting
 16897 | D:10     | Learned a level 3 spell: Inner Flame
 16921 | D:10     | Found Vuggeima's Assorted Antiques.
 17037 | D:10     | Bought a green potion for 26 gold pieces
 17037 | D:10     | Bought a scroll of identify for 58 gold pieces
 17037 | D:10     | Bought a buckler for 130 gold pieces
 17037 | D:10     | Bought a fuming sapphire potion for 26 gold pieces
 17077 | D:11     | Found a portal to a secret trove of treasure.
 17162 | D:11     | Reached skill level 1 in Fire Magic
 17476 | D:11     | Noticed an orc knight
 17506 | D:11     | Noticed DeathSun's ghost (journeyman GnCj)
 17508 | D:11     | Found a transporter.
 17512 | D:11     | Found a transporter.
 17517 | D:11     | Noticed a two-headed ogre
 17533 | D:11     | Reached skill level 1 in Shields
 17655 | D:11     | Noticed a boulder beetle
 17666 | D:11     | Offered knowledge of Freezing Cloud by Vehumet.
 17667 | D:11     | Killed a boulder beetle
 18303 | D:11     | Learned a level 5 spell: Freezing Cloud
 18366 | D:12     | Reached skill level 1 in Ice Magic
 18590 | D:12     | Reached skill level 14 in Spellcasting
 18977 | D:12     | Reached XP level 12. HP: 69/69 MP: 25/32
 18987 | D:12     | Reached skill level 1 in Armour
 19278 | D:12     | Noticed Rupert
 19284 | D:12     | Paralysed by Rupert for 3 turns
 19305 | D:12     | Paralysed by Rupert for 2 turns
 19308 | D:12     | Killed Rupert
 19497 | D:12     | Noticed a boulder beetle
 19509 | D:12     | Killed a boulder beetle
 19891 | D:13     | Found a gate to the Vaults.
 19899 | D:13     | Noticed a centaur warrior
 20307 | D:13     | Noticed Urug
 20314 | D:13     | Killed Urug
 20315 | D:13     | Reached skill level 5 in Ice Magic
 20433 | D:13     | Noticed Jorgrun
 20435 | D:13     | Noticed a centaur warrior
 20441 | D:13     | Killed a centaur warrior
 20442 | D:13     | Reached skill level 15 in Spellcasting
 20446 | D:13     | Killed Jorgrun
 20739 | D:13     | HP: 3/69 [sixfirhy[an obsidian statue] (9)]
 20739 | D:13     | Slain by a sixfirhy

Illustrated notes

Levels and vault maps discovered:
D:1:      dpeg_arrival_snail, layout_loops_ring, minmay_lizard_pond
D:2:      layout_basic, uniq_robin, uniq_terence
D:3:      lemuel_castle_with_subvaults [lemuel_castle_interior_carwin_1],
          layout_rooms, serial_co_window_serial, co_window_cross_1,
          co_window_paths_b, co_window_corner_a, co_window_cross_1,
          co_window_corner_a, co_window_of_opportunity_b, co_window_broadway_b,
          co_window_of_opportunity_b, glass_columns_b, glass_columns_a,
          st_stairs_13
D:4:      kennysheep_goblin_castle, layout_gridville, minitemple,
          minmay_temple_entry_ruins, uniq_blork_the_orc, uniq_grinder,
          uniq_menkaure, uniq_crazy_yiuf_cottage
D:5:      layout_cave_pools, grunt_qazlal_sundering, lightli_church_of_beogh
D:6:      layout_basic, corexii_leaking_fountain
D:7:      minmay_angry_zag, layout_basic, general_overflow_altar,
          hellmonk_bongcloud_opening
D:8:      layout_layer_cave, overflow_temple_1_default, blue_anna_alchemist
D:9:      layout_irregular_city, kennysheep_orc_monster_closet_entryway,
          kennysheep_cluttered_room, hangedman_minor_gate_pass
D:10:     layout_basic, erik_lair_orcish_takeover, serial_shops,
          nicolae_shop_hallway_stairs, chequers_serial_rivers_room_a,
          uniq_psyche
D:11:     layout_big_octagon, gammafunk_ghost_arena,
          nicolae_trove_entry_crossroad
D:12:     layout_stronghold, uniq_rupert, uniq_azrael
D:13:     minmay_dotted_concentric_squares, layout_grid_maze,
          minmay_more_statues, uniq_urug, uniq_jorgrun, uniq_nessos, uniq_sonja
Temple:   hellmonk_temple_divided_pantheon

Skill      XL: |  1  2  3  4  5  6  7  8  9 10 11 12 |
---------------+-------------------------------------+-----
Dodging        | 3 4 5 6 |  6.6
Conjurations   | 2 3 4 5 6 8 9 10 | 10.3
Spellcasting   | 5 6 7 9 10 12 14 15 | 15.2
Poison Magic   | 1 2 4 |  4.4
Air Magic      | 1 3 4 |  4.0
Fighting       | 1 2 3 5 |  5.9
Ranged Weapons | 4 |  4.0
Evocations     | 2 5 6 |  6.4
Fire Magic     | 3 |  3.1
Shields        | 2 |  2.2
Ice Magic      | 3 6 |  6.0
Armour         | 3 |  3.8
Stealth        | |  2.4
Summonings     | |  1.1
Translocations | |  1.1

Action                     |  1- 3 |  4- 6 |  7- 9 | 10-12 || total
---------------------------+-------+-------+-------+-------++-------
  Melee: Dagger            |     5 |    39 |     7 |       ||    51
   Fire: Sling             |       |       |    34 |    31 ||    65
  Throw: Dart              |       |     7 |    16 |       ||    23
   Cast: Magic Dart        |   115 |   240 |   268 |    64 ||   687
         Mephitic Cloud    |       |     3 |    24 |    49 ||    76
         Blink             |       |       |     1 |     8 ||     9
         Searing Ray       |       |       |    33 |   102 ||   135
         Stone Arrow       |       |       |    13 |    59 ||    72
         Poisonous Vapours |       |       |       |    75 ||    75
         Freezing Cloud    |       |       |       |    16 ||    16
  Evoke: Wand              |       |       |       |    12 ||    12
    Use: Scroll            |       |     2 |    18 |     7 ||    27
         Potion            |       |       |     2 |     4 ||     6
   Stab: Confused          |       |       |     1 |       ||     1
         Sleeping          |       |       |     1 |       ||     1
 Armour: Robe              |    11 |    14 |    28 |    58 ||   111
         Steam dragon scal |       |       |       |    20 ||    20
  Dodge: Dodged            |    41 |    56 |    82 |   194 ||   373
  Block: Buckler           |       |       |       |    40 ||    40

Table legend: (Time is in decaauts)
 A = Elapsed time spent in this place.
 B = Non-inter-level travel time spent in this place.
 C = Inter-level travel time spent in this place.
 D = Time resting spent in this place.
 E = Time spent auto-exploring this place.
 F = Levels seen in this place.
 G = Mean time per level.
                   A        B        C        D        E       F      G
               +--------+--------+--------+--------+--------+-----+--------+
         Total |  20799 |  20251 |    548 |   8573 |   8884 |  14 | 1485.6 |
       Dungeon |  20749 |  20202 |    547 |   8573 |   8876 |  13 | 1596.1 |
        Temple |     50 |     50 |      0 |      0 |      8 |   1 |   50.0 |
               +--------+--------+--------+--------+--------+-----+--------+

Top non-repeatable levels by time:
     D:3: 2857 daAuts
     D:9: 2169 daAuts
     D:1: 2020 daAuts
    D:10: 1800 daAuts
     D:4: 1771 daAuts
    D:12: 1763 daAuts
     D:8: 1609 daAuts
     D:7: 1536 daAuts
     D:6: 1226 daAuts
     D:5: 1219 daAuts
     D:2: 1118 daAuts
    D:11: 915 daAuts
    D:13: 742 daAuts
  Temple: 50 daAuts
